 Dungeon Crawl Stone Soup version 0.29-a0-802-g34511f41fd (webtiles) character file.

Game seed: 14354182062475543380

2 Pooter the Vexing (level 1, 8/17 HPs)
             Began as a Gnoll Arcane Marksman on July 4, 2022.
             Quit the game on level 1 of the Dungeon.
             The game lasted 00:01:54 (25 turns).

Pooter the Vexing (Gnoll Arcane Marksman)             Turns: 25, Time: 00:01:55

Health: 8/17       AC:  2    Str:  9    XL:     1   Next: 30%
Magic:  0/4        EV: 13    Int: 12    God:
Gold:   0          SH:  0    Dex: 12    Spells: 4/5 levels left

rFire   . . .      SeeInvis .   a - +0 sling
rCold   . . .      Faith    .   (no shield)
rNeg    . . .      Spirit   .   c - +0 robe
rPois   .          Reflect  .   (no helmet)
rElec   .          Harm     .   (no cloak)
rCorr   .          Rampage  .   (no gloves)
Will    .....                   (no boots)
Stlth   +.........              (no amulet)
HPRegen 0.05/turn               (no ring)
MPRegen 0.09/turn               (no ring)

@: no status effects
A: fangs 1, strong nose, distributed training
a: no special abilities


You were on level 1 of the Dungeon.
You visited 1 branch of the dungeon, and saw 1 of its levels.

Inventory:

Hand Weapons
 a - a +0 sling (weapon)
Armour
 c - a +0 robe (worn)
Scrolls
 b - a scroll of vulnerability {!r}


   Skills:
 + Level 2.3 Fighting
 + Level 0.0 Short Blades
 + Level 0.0 Long Blades
 + Level 0.0 Axes
 + Level 0.0 Maces & Flails
 + Level 0.0 Polearms
 + Level 0.0 Staves
 + Level 4.4 Ranged Weapons
 + Level 0.0 Throwing
 + Level 0.0 Armour
 + Level 4.4 Dodging
 + Level 0.0 Stealth
 + Level 0.0 Shields
 + Level 0.0 Unarmed Combat
 + Level 2.6 Spellcasting
 + Level 0.0 Conjurations
 + Level 5.3 Hexes
 + Level 0.0 Summonings
 + Level 0.0 Necromancy
 + Level 0.0 Translocations
 + Level 0.0 Transmutations
 + Level 0.0 Fire Magic
 + Level 0.0 Ice Magic
 + Level 0.0 Air Magic
 + Level 0.0 Earth Magic
 + Level 0.0 Poison Magic
 + Level 0.1 Invocations
 + Level 0.0 Evocations


You had 4 spell levels left.
You knew the following spells:

 Your Spells              Type           Power      Damage    Failure   Level
a - Slow                  Hex            56%        N/A       2%          1

Your spell library contained the following spells:

 Spells                   Type           Power      Damage    Failure   Level
 Inner Flame              Hex/Fire       8%         N/A       26%         3
 Portal Projectile        Hex/Tloc       16%        N/A       26%         3
 Cause Fear               Hex            7%         N/A       28%         4


Dungeon Overview and Level Annotations

Branches:
Dungeon (1/15)

Altars:


Innate Abilities, Weirdness & Mutations

You have very sharp teeth.
Your uncanny sense of smell can sniff out nearby items.
Your experience applies equally to all skills.


Message History

An endoplasm comes into view.
The endoplasm quivers.
The endoplasm seems to slow down.
The endoplasm seems to slow down.
You shoot a sling bullet. The sling bullet hits the endoplasm.
You kill the endoplasm!
You hear an angry hiss.
A rat comes into view.
You shoot a sling bullet.
The sling bullet closely misses the rat.
A frilled lizard comes into view.
You shoot a sling bullet.
The sling bullet hits the rat but does no damage.
The rat bites you.
You shoot a sling bullet. The sling bullet hits the rat.
The rat closely misses you.
You shoot a sling bullet. The sling bullet barely misses the rat.
The rat closely misses you.
You shoot a sling bullet. The sling bullet hits the rat.
You kill the rat!
A frilled lizard comes into view.
The frilled lizard closely misses you.
You shoot a sling bullet.
The sling bullet misses the frilled lizard.
The frilled lizard closely misses you.
You shoot a sling bullet.
The sling bullet barely misses the frilled lizard.
The frilled lizard closely misses you.
You shoot a sling bullet.
The sling bullet closely misses the frilled lizard.
The frilled lizard bites you.
The frilled lizard seems to slow down.
The frilled lizard bites you.
You are too injured to fight recklessly!
You are too injured to fight recklessly!
Unknown command.
Aim: a frilled lizard (slow, chance to affect: 71%)
The frilled lizard struggles to resist.
* * * LOW MAGIC WARNING * * *
The frilled lizard bites you.
* * * LOW HITPOINT WARNING * * *
Aim: a frilled lizard (slow, chance to affect: 71%)
The frilled lizard seems to slow down.
* * * LOW MAGIC WARNING * * *
You don't have enough magic to cast this spell.
You don't have enough magic to cast this spell.
Unknown command.
You don't have enough magic to cast this spell.
You don't have enough magic to cast this spell.
You are too injured to fight recklessly!
Unknown command.

∆ ###### #....∆
∆ #..###
###+#....# #
#<#....8.#.##
#.#..#..@l..#
#.'.####.l...#
#.#..# ......#
#.#....8.#.#....
###+#....#.# .#.
#..###.# # #....
# ######


You could see 2 frilled lizards.

Vanquished Creatures
  An endoplasm (D:1)
  A rat (D:1)
2 creatures vanquished.

Notes
Turn   | Place    | Note
-------+----------+-------------------------------------------
     0 | D:1      | Pooter the Gnoll Arcane Marksman began the quest for the
                  | Orb.
     0 | D:1      | Reached XP level 1. HP: 17/17 MP: 4/4
    25 | D:1      | Quit the game

Illustrated notes

Levels and vault maps discovered:
D:1:      dpeg_arrival_court, layout_rooms,
          ebering_ecumenical_altar_sacrificial, minmay_surrounded

Action                   || total
-------------------------++-------
 Fire: Sling             ||     9
 Cast: Slow              ||     5
Dodge: Dodged            ||     5

Table legend: (Time is in decaauts)
 A = Elapsed time spent in this place.
 B = Non-inter-level travel time spent in this place.
 C = Inter-level travel time spent in this place.
 D = Time resting spent in this place.
 E = Time spent auto-exploring this place.
 F = Levels seen in this place.
 G = Mean time per level.
                   A        B        C        D        E       F      G
               +--------+--------+--------+--------+--------+-----+--------+
         Total |     26 |     26 |      0 |      0 |     10 |   1 |   26.0 |
       Dungeon |     26 |     26 |      0 |      0 |     10 |   1 |   26.0 |
               +--------+--------+--------+--------+--------+-----+--------+

Top non-repeatable levels by time:
     D:1: 26 daAuts
